 Dungeon Crawl Stone Soup version 0.31-a0-167-g1c394c0614 (webtiles) character file.

Game seed: 6000163315447897055

501 qw the Shooter (level 7, -4/43 HPs)
             Began as a Gargoyle Hunter on June 14, 2023.
             Slain by a gnoll
             ... wielding a +1 spear of freezing
             ... led by a gnoll bouda
              (7 damage)
             ... on level 4 of the Dungeon.
             The game lasted 00:01:24 (2677 turns).

qw the Shooter (Gargoyle Hunter)                    Turns: 2677, Time: 00:01:24

Health: -4/43      AC: 13    Str: 19    XL:     7   Next: 17%
Magic:  7/7        EV: 11    Int: 11    God:
Gold:   197        SH:  0    Dex: 15    Spells: 6/6 levels left

rFire   . . .        Y - +2 shortbow
rCold   . . .        (shield currently unavailable)
rNeg    + + +        j - +0 ring mail
rPois   inf          p - +0 helmet
rElec   +            g - +0 cloak
rCorr   .            h - +0 pair of gloves
SInv    .            (no boots)
Will    .....        (no amulet)
Stlth   +            m - ring of positive energy
HPRegen 0.27/turn    r - ring of Pride {rN+ Str+4 Int+2}
MPRegen 0.10/turn

%: no passive effects
@: no status effects
A: sickness immunity, AC +4, negative energy resistance 1, electricity
resistance, torment resistance 1, petrification resistance
a: no special abilities


You were on level 4 of the Dungeon.
You visited 1 branch of the dungeon, and saw 4 of its levels.

You collected 197 gold pieces.


Innate Abilities, Weirdness & Mutations

You are immune to sickness and miasma.
Your stone body is resilient. (AC +4)
You are immune to poison.
You resist negative energy. (rN+)
You are resistant to electric shocks. (rElec)
You are resistant to unholy torment.
You are immune to petrification.


   Skills:
 - Level 4.0 Fighting
 + Level 7.2 Ranged Weapons
 - Level 2.8 Armour
 - Level 1.5 Dodging
 - Level 1.1 Stealth


You had 6 spell levels left.
You didn't know any spells.
Your spell library was empty.

Inventory:

Hand Weapons
 Y - a +2 shortbow (weapon)
Armour
 g - a +0 cloak (worn)
 h - a +0 pair of gloves (worn)
 j - a +0 ring mail (worn)
 l - a +0 pair of boots
 p - a +0 helmet (worn)
Jewellery
 m - a ring of positive energy (left hand)
 r - the ring of Pride (right hand) {rN+ Str+4 Int+2}
   (You took it off an orc on level 3 of the Dungeon)

   [ring of positive energy]

   Str:       It affects your strength (+4).
   Int:       It affects your intelligence (+2).
   rN:        It protects you from negative energy.
Scrolls
 b - 3 scrolls of identify
 n - a scroll of poison {unknown}
Potions
 a - a potion of haste
 c - a potion of resistance
 d - a potion of curing
 e - a potion of attraction
 f - a potion of magic {unknown}
 i - a potion of lignification {unknown}
 k - a potion of cancellation {unknown}
 o - a potion of mutation {unknown}

Dungeon Overview and Level Annotations

Branches:
Dungeon (4/15)
 Temple: D:4-7

Altars:
Dithmenos
Gozag
Vehumet
Wu Jian
Yredelemnul


Message History

The gnoll completely misses you. The gnoll closely misses you.
The gnoll hits you from afar with a +1 spear of freezing.
The gnoll freezes you.
You shoot an arrow. The arrow closely misses the gnoll.
The gnoll drinks a potion.
The gnoll is healed!
The gnoll hits you but does no damage. x2; The gnoll barely misses you.
You shoot an arrow. The arrow closely misses the gnoll.
The gnoll hits you with a +0 club.
The gnoll hits you from afar with a +1 spear of freezing.
The gnoll freezes you.
The gnoll bouda hits you but does no damage.
The gnoll hits you but does no damage. x2
You shoot an arrow.
The arrow hits the gnoll but does no damage.
The gnoll is severely wounded.
The gnoll hits you from afar with a +1 spear of freezing.
The gnoll freezes you. The gnoll barely misses you.
The gnoll hits you from afar with a +1 spear of freezing!
The gnoll freezes you.
You shoot an arrow.
The arrow hits the gnoll but does no damage.
The gnoll is severely wounded.
The gnoll closely misses you. The gnoll misses you.
The gnoll hits you but does no damage.
You shoot an arrow. The arrow closely misses the gnoll.
The arrow hits the gnoll.
The gnoll is moderately wounded.
The gnoll bouda closely misses you. The gnoll hits you with a +0 club.
The gnoll hits you but does no damage. The gnoll closely misses you.
You shoot an arrow. The arrow hits the gnoll.
You kill the gnoll!
The gnoll bouda misses you.
The gnoll hits you from afar with a +0 spear.
The gnoll hits you but does no damage.
You shoot an arrow. The arrow hits the gnoll bouda!
The gnoll bouda is almost dead.
The gnoll bouda utters an invocation to its god.
The gnoll bouda is healed somewhat.
The gnoll hits you but does no damage.
The gnoll hits you from afar with a +1 spear of freezing!
You die...

........# ......>.#
........# # ........# ..
........# ... ........#
.... ....)...# .....
........##########...?.[
...)............@)g.....
##.)############g#g.....
###)### #.# .....
......# #.# .... ...)..#
#.# ... ......# #.# ..
......# #.# . ......#
#.# ......## #.#


You could see a gnoll bouda and 2 gnolls.

Vanquished Creatures
  A centaur (D:3)
  A scorpion (D:4)
  An orc priest (D:3)
  A jelly (D:4)
  An iguana (D:3)
  3 orc wizards
  Natasha (twice) (D:3)
  2 gnolls (D:4)
  6 adders
  4 worms
  2 dart slugs
  9 orcs
  7 ball pythons
  6 bats
  An endoplasm (D:2)
  2 giant cockroaches
  2 hobgoblins (D:3)
  2 jackals (D:2)
  5 kobolds
  5 quokkas
  3 frilled lizards
  5 goblins
  5 rats
76 creatures vanquished.

Notes
Turn   | Place    | Note
-------+----------+-------------------------------------------
     0 | D:1      | qw the Gargoyle Hunter began the quest for the Orb.
     0 | D:1      | Reached XP level 1. HP: 12/12 MP: 1/1
     0 | D:1      | 0 ||| qw: Version: 0.2-a-29-g1fa15c8
     0 | D:1      | 0 ||| qw: Game counter: 5079
     0 | D:1      | 0 ||| qw: Always use a shield: true
     0 | D:1      | 0 ||| qw: God list: Okawaru
     0 | D:1      | 0 ||| qw: Allow faded altars: false
     0 | D:1      | 0 ||| qw: Do Orc after D:15 true
     0 | D:1      | 0 ||| qw: Do second Lair branch before Depths: true
     0 | D:1      | 0 ||| qw: Lair rune preference: random
     0 | D:1      | 0 ||| qw: Plans: Normal, Zot:1-4, Slime:5, God:TSO, Crypt,
                  | Tomb, Abyss, Pan, Hells, Win
     0 | D:1      | 0 ||| PLANNING D:1-11
   221 | D:1      | Reached XP level 2. HP: 17/17 MP: 2/2
  1007 | D:1      | 1007 ||| UPGRADING to +0 cloak.
  1012 | D:1      | 1012 ||| UPGRADING to +0 pair of gloves.
  1017 | D:1      | 1017 ||| READING scroll labelled DEMPOSYLUOX.
  1018 | D:1      | 1018 ||| READING scroll labelled UHOLOU HUDU LIM.
  1022 | D:1      | 1022 ||| DRINKING 2 murky inky potions.
  1023 | D:1      | 1023 ||| DROPPING scroll of butterflies.
  1062 | D:2      | Found a faded altar of an unknown god.
  1155 | D:2      | Reached XP level 3. HP: 21/21 MP: 3/3
  1187 | D:2      | Reached skill level 5 in Ranged Weapons
  1595 | D:2      | 1595 ||| UPGRADING to +0 ring mail.
  1605 | D:2      | 1605 ||| DROPPING +0 leather armour.
  1606 | D:2      | 1606 ||| DRINKING 2 dark potions.
  1607 | D:2      | 1607 ||| READING 2 scrolls of identify.
  1607 | D:2      | 1607 ||| IDENTIFYING blue potion
  1608 | D:2      | 1608 ||| DROPPING potion of ambrosia.
  1675 | D:3      | Reached skill level 1 in Armour
  1690 | D:3      | 1690 ||| FLEEEEING.
  1714 | D:3      | 1714 ||| DRINKING 3 potions of curing.
  1714 | D:3      | 1714 ||| (to cure confusion)
  1721 | D:3      | Reached skill level 3 in Fighting
  1721 | D:3      | Reached XP level 4. HP: 18/28 MP: 4/4
  1736 | D:3      | 1736 ||| FLEEEEING.
  1738 | D:3      | 1738 ||| FLEEEEING.
  1739 | D:3      | 1739 ||| FLEEEEING.
  1740 | D:3      | 1740 ||| FLEEEEING.
  1741 | D:3      | 1741 ||| STAIRDANCE
  1801 | D:2      | 1801 ||| READING 2 scrolls labelled IGAORRYWAVE.
  1802 | D:2      | 1802 ||| DROPPING scroll of vulnerability.
  1810 | D:3      | 1810 ||| STAIRDANCE
  1866 | D:3      | Reached XP level 5. HP: 32/32 MP: 5/5
  2053 | D:3      | Noticed a centaur
  2057 | D:3      | Killed a centaur
  2058 | D:3      | Reached skill level 6 in Ranged Weapons
  2106 | D:3      | Noticed Natasha
  2113 | D:3      | Killed Natasha
  2114 | D:3      | Reached XP level 6. HP: 36/38 MP: 6/6
  2255 | D:3      | Found an opulent altar of Gozag.
  2267 | D:3      | Found a shadowy altar of Dithmenos.
  2267 | D:3      | Found an ornate altar of the Wu Jian Council.
  2270 | D:3      | Found a radiant altar of Vehumet.
  2327 | D:3      | Noticed Natasha
  2336 | D:3      | Killed Natasha
  2344 | D:3      | Identified the ring of Pride {rN+ Str+4 Int+2}
  2362 | D:3      | 2362 ||| UPGRADING to +0 helmet.
  2367 | D:3      | 2367 ||| UPGRADING to ring of positive energy.
  2368 | D:3      | 2368 ||| UPGRADING to ring of Pride {rN+ Str+4 Int+2}.
  2369 | D:3      | 2369 ||| READING 2 scrolls labelled CET GUTERY.
  2370 | D:3      | 2370 ||| READING scroll of enchant weapon.
  2370 | D:3      | 2370 ||| ENCHANTING +1 shortbow.
  2371 | D:3      | 2371 ||| READING scroll labelled YHEIKO EPTA.
  2372 | D:3      | 2372 ||| DRINKING 2 brown potions.
  2373 | D:3      | 2373 ||| READING 2 scrolls of identify.
  2373 | D:3      | 2373 ||| IDENTIFYING fizzy grey potion
  2374 | D:3      | 2374 ||| DROPPING potion of brilliance.
  2395 | D:4      | 2395 ||| STAIRDANCE
  2494 | D:4      | HP: 8/38 [gnoll bouda/+0 club (5)]
  2495 | D:4      | 2495 ||| READING scroll of teleportation.
  2528 | D:4      | 2528 ||| DRINKING 3 potions of curing.
  2528 | D:4      | 2528 ||| (to cure confusion)
  2529 | D:4      | 2529 ||| DRINKING 2 potions of curing.
  2529 | D:4      | 2529 ||| (to cure confusion)
  2534 | D:4      | Reached XP level 7. HP: 42/43 MP: 7/7
  2546 | D:4      | Reached skill level 7 in Ranged Weapons
  2619 | D:4      | Found a basalt altar of Yredelemnul.
  2673 | D:4      | HP: 10/43 [gnoll/+1 spear of freezing[a gnoll bouda] (7)]
  2676 | D:4      | HP: 3/43 [gnoll/+0 spear[a gnoll bouda] (4)]
  2677 | D:4      | Slain by a gnoll

Levels and vault maps discovered:
D:1:      spicycebolla_green_bress_n_ham, layout_basic, serial_park_tiny_2
D:2:      layout_rooms, shapermc_ecumenical_altar_pompeii
D:3:      layout_rooms, grunt_temple_overflow_open,
          chequers_serial_rivers_micro_e, minmay_fractal_squares_diagonal_5,
          uniq_natasha
D:4:      layout_basic, mainiacjoe_overflow_catwalk, uniq_menkaure

Skill      XL: |  1  2  3  4  5  6  7 |
---------------+----------------------+-----
Ranged Weapons | 5 6 7 |  7.2
Armour         | 1 2 |  2.8
Fighting       | 3 4 |  4.0
Dodging        | |  1.5
Stealth        | |  1.1

Action                     |  1- 3 |  4- 6 |  7- 9 || total
---------------------------+-------+-------+-------++-------
   Fire: Shortbow          |   157 |   166 |    29 ||   352
    Use: Scroll            |     3 |     6 |       ||     9
         Potion            |     3 |     3 |       ||     6
 Armour: Leather armour    |    17 |       |       ||    17
         Ring mail         |    28 |    45 |    14 ||    87
  Dodge: Dodged            |    45 |    73 |    11 ||   129

Table legend:
 A = Non-vault XP
 B = Vault XP
 C = Vault XP percentage of total XP
 D = Non-vault monster count
 E = Vault monster count
 F = Vault count percentage of total count
                 A         B        C        D         E       F
            +---------+---------+-------+---------+---------+-------
      Total |     657 |      59 |   8.2 |      70 |       6 |   7.9
            +---------+---------+-------+---------+---------+-------
        D:1 |      29 |       0 |   0.0 |      19 |       0 |   0.0
        D:2 |      33 |       2 |   5.7 |      10 |       1 |   9.1
        D:3 |     350 |      57 |  14.0 |      29 |       5 |  14.7
        D:4 |     245 |       0 |   0.0 |      12 |       0 |   0.0
            +---------+---------+-------+---------+---------+-------
